 Dungeon Crawl Stone Soup version 0.29.0-4-gdea44cf6ec (webtiles) character file.

Game seed: 16543408567217351361

70 qw the Ruffian (level 4, 0/35 HPs)
             Began as a Ghoul Fire Elementalist on Aug 29, 2022.
             Slain by a kobold
             ... wielding a +0 short sword
              (1 damage)
             ... on level 3 of the Dungeon.
             The game lasted 00:02:07 (2130 turns).

qw the Ruffian (Ghoul Fire Elementalist)            Turns: 2130, Time: 00:02:08

Health: 0/35       AC:  8    Str: 11 (13) XL:     4   Next: 21%
Magic:  5/5        EV:  5    Int:  8 (10) God:
Gold:   181        SH:  0    Dex:  8 (9)  Spells: 5/6 levels left

rFire   + . .      SeeInvis .     - Unarmed
rCold   + . .      Faith    .   (no shield)
rNeg    + + +      Spirit   .   g - +0 chain mail
rPois   inf        Reflect  .   (no helmet)
rElec   .          Harm     .   (no cloak)
rCorr   .          Rampage  .   (no gloves)
Will    .....                   (no boots)
Stlth   ..........              (no amulet)
HPRegen 0.00/turn               d - ring of protection from fire
MPRegen 0.09/turn               (no ring)

@: about to teleport, inhibited regen
A: claws 1, cold resistance 1, negative energy resistance 3, inhibited
regeneration, torment resistance 2, devour on kill
a: no special abilities


You were on level 3 of the Dungeon.
You visited 1 branch of the dungeon, and saw 3 of its levels.

You collected 181 gold pieces.


Innate Abilities, Weirdness & Mutations

You are immune to poison.
You have sharp fingernails.
Your flesh is cold resistant. (rC+)
You are immune to negative energy. (rN+++)
You do not regenerate when monsters are visible.
You are immune to unholy pain and torment.
You thrive by killing the living.


   Skills:
 - Level 1.0 Fighting
 - Level 1.7 Dodging
 - Level 2.1 Stealth
 + Level 3.8 Unarmed Combat
 - Level 1.7 Spellcasting
 - Level 0.7 Conjurations
 - Level 2.4 Fire Magic


You had 5 spell levels left.
You knew the following spells:

 Your Spells              Type           Power      Damage    Failure   Level
a - Foxfire               Conj/Fire      12%        2x1d4     100%        1

Your spell library contained the following spells:

 Spells                   Type           Power      Damage    Failure   Level
 Scorch                   Fire           8%         2d5       100%        2
 Conjure Flame            Conj/Fire      3%         6-21      100%        3
 Inner Flame              Hex/Fire       2%         N/A       100%        3
 Flame Wave               Conj/Fire      3%         2d5       100%        4

Inventory:

Missiles
 a - 4 javelins (quivered)
Armour
 g - a +0 chain mail (worn)
Jewellery
 d - a ring of protection from fire (left claw)
Scrolls
 b - a scroll of identify
 j - a scroll of teleportation
Potions
 c - a potion of haste {unknown}
 e - a potion of cancellation {unknown}
 h - a potion of might
 i - a potion of heal wounds {unknown}
 l - a potion of flight {unknown}

Dungeon Overview and Level Annotations

Branches:
Dungeon (3/15)

Altars:


Message History

You scratch the phantom.
The phantom is lightly damaged.
The phantom hits you but does no damage.
2124 ||| Stepping ~*~*~tactically~*~*~ (outnumbered).
The jackal bites you but does no damage. x2
You claw the phantom!
The phantom is heavily damaged.
The jackal bites you but does no damage. x2
The kobold hits you but does no damage.
The phantom hits you but does no damage.
You scratch the phantom but do no damage.
The phantom is heavily damaged.
The jackal bites you but does no damage.
The jackal bites you.
The jackal bites you but does no damage.
The kobold hits you with a +0 short sword.
The phantom hits you but does no damage.
The jackal bites you.
2127 ||| READING 2 scrolls of teleportation.
As you read the scroll of teleportation, it crumbles to dust.
You feel strangely unstable. The jackal barely misses you.
The jackal bites you but does no damage. x3
The kobold hits you but does no damage. The phantom hits you.
The phantom blinks!
You blink.
The jackal bites you but does no damage.
2128 ||| Stepping ~*~*~tactically~*~*~ (outnumbered).
The phantom attacks as you move away!
The phantom hits you but does no damage.
The kobold attacks as you move away!
The kobold hits you with a +0 short sword.
You scratch the phantom.
The phantom is severely damaged.
The jackal bites you but does no damage.
The kobold hits you with a +0 short sword.
The phantom hits you but does no damage.
2130 ||| Stepping ~*~*~tactically~*~*~ (outnumbered).
The kobold attacks as you move away!
The kobold hits you with a +0 short sword.
You die...

#####.#
############.....#
#........##.. ###.
#........##.###...
#...............##
#.......>..#######
#hh.......# #.
#hK......# #.
#@W.....!# #.
#........# #)
#........# #.
########## .. ..
##


You could see a phantom, 3 jackals and a kobold.

Vanquished Creatures
  3 adders (D:2)
  A dart slug (D:2)
  5 endoplasms
  A giant cockroach (D:1)
  4 goblins
  A hobgoblin (D:1)
  3 quokkas
  8 ball pythons
  3 bats
  3 frilled lizards
  6 kobolds
  2 rats (D:1)
40 creatures vanquished.

Notes
Turn   | Place    | Note
-------+----------+-------------------------------------------
     0 | D:1      | qw the Ghoul Fire Elementalist began the quest for the Orb.
     0 | D:1      | Reached XP level 1. HP: 14/14 MP: 2/2
     0 | D:1      | 0 ||| qw: Version: 0.1-a-90-g952f4b7
     0 | D:1      | 0 ||| qw: Game counter: 4045
     0 | D:1      | 0 ||| qw: Always use a shield: true
     0 | D:1      | 0 ||| qw: God list: Okawaru
     0 | D:1      | 0 ||| qw: Allow faded altars: false
     0 | D:1      | 0 ||| qw: Do Orc after D:15 true
     0 | D:1      | 0 ||| qw: Do second Lair branch before Depths: true
     0 | D:1      | 0 ||| qw: Lair rune preference: random
     0 | D:1      | 0 ||| qw: Plans: Normal
     0 | D:1      | 0 ||| PLANNING D:1-11
   297 | D:1      | Reached skill level 1 in Unarmed Combat
   312 | D:1      | 312 ||| Stepping ~*~*~tactically~*~*~ (stealth).
   319 | D:1      | Reached XP level 2. HP: 22/22 MP: 3/3
   368 | D:1      | Reached skill level 1 in Fighting
   786 | D:1      | Reached skill level 2 in Unarmed Combat
   952 | D:1      | 952 ||| UPGRADING to +0 ring mail.
   962 | D:1      | 962 ||| DROPPING +0 robe.
   963 | D:1      | 963 ||| UPGRADING to +0 chain mail.
   973 | D:1      | 973 ||| DROPPING +0 ring mail.
   974 | D:1      | 974 ||| READING scroll labelled CURPHI KUXKUDO.
   975 | D:1      | 975 ||| READING scroll labelled PEUTHYAP UTOEJ.
   976 | D:1      | 976 ||| READING scroll labelled NIAC GURGHEGG.
   980 | D:1      | 980 ||| READING scroll labelled FAFOHEEROTT.
   981 | D:1      | 981 ||| DROPPING potion of magic.
  1135 | D:2      | Reached XP level 3. HP: 26/28 MP: 4/4
  1193 | D:2      | 1193 ||| Stepping ~*~*~tactically~*~*~ (stealth).
  1195 | D:2      | 1195 ||| Stepping ~*~*~tactically~*~*~ (stealth).
  1196 | D:2      | 1196 ||| Stepping ~*~*~tactically~*~*~ (stealth).
  1231 | D:2      | 1231 ||| FLEEEEING.
  1232 | D:2      | 1232 ||| FLEEEEING.
  1233 | D:2      | 1233 ||| FLEEEEING.
  1234 | D:2      | 1234 ||| FLEEEEING.
  1235 | D:2      | 1235 ||| FLEEEEING.
  1236 | D:2      | 1236 ||| FLEEEEING.
  1237 | D:2      | 1237 ||| FLEEEEING.
  1238 | D:2      | 1238 ||| FLEEEEING.
  1239 | D:2      | 1239 ||| FLEEEEING.
  1243 | D:2      | 1243 ||| FLEEEEING.
  1244 | D:2      | 1244 ||| FLEEEEING.
  1245 | D:2      | 1245 ||| FLEEEEING.
  1246 | D:2      | 1246 ||| FLEEEEING.
  1247 | D:2      | 1247 ||| FLEEEEING.
  1248 | D:2      | 1248 ||| FLEEEEING.
  1249 | D:2      | 1249 ||| FLEEEEING.
  1250 | D:2      | 1250 ||| FLEEEEING.
  1251 | D:2      | 1251 ||| FLEEEEING.
  1254 | D:2      | 1254 ||| FLEEEEING.
  1274 | D:2      | Reached skill level 3 in Unarmed Combat
  1425 | D:2      | Reached XP level 4. HP: 35/35 MP: 5/5
  1958 | D:2      | 1958 ||| UPGRADING to ring of protection from fire.
  1959 | D:2      | 1959 ||| READING scroll labelled POFUSA VOKAY.
  1960 | D:2      | 1960 ||| READING scroll labelled LYMNOL WASAQ.
  1961 | D:2      | 1961 ||| READING scroll labelled LAUKEWOUNU.
  1962 | D:2      | 1962 ||| DRINKING 2 fuming purple potions.
  1963 | D:2      | 1963 ||| DRINKING 2 inky potions.
  1964 | D:2      | 1964 ||| DRINKING 2 murky yellow potions.
  1965 | D:2      | 1965 ||| DROPPING potion of degeneration.
  1966 | D:2      | 1966 ||| DROPPING potion of berserk rage.
  1986 | D:3      | 1986 ||| Stepping ~*~*~tactically~*~*~ (stealth).
  1987 | D:3      | 1987 ||| Stepping ~*~*~tactically~*~*~ (stealth).
  2113 | D:3      | Noticed a phantom
  2114 | D:3      | 2114 ||| Stepping ~*~*~tactically~*~*~ (stealth).
  2118 | D:3      | 2118 ||| Stepping ~*~*~tactically~*~*~ (outnumbered).
  2119 | D:3      | 2119 ||| Stepping ~*~*~tactically~*~*~ (outnumbered).
  2124 | D:3      | 2124 ||| Stepping ~*~*~tactically~*~*~ (outnumbered).
  2126 | D:3      | HP: 8/35 [jackal (3)]
  2127 | D:3      | 2127 ||| READING 2 scrolls of teleportation.
  2128 | D:3      | 2128 ||| Stepping ~*~*~tactically~*~*~ (outnumbered).
  2128 | D:3      | HP: 3/35 [kobold/+0 short sword (4)]
  2129 | D:3      | HP: 1/35 [kobold/+0 short sword (2)]
  2130 | D:3      | 2130 ||| Stepping ~*~*~tactically~*~*~ (outnumbered).
  2130 | D:3      | Slain by a kobold

Levels and vault maps discovered:
D:1:      dpeg_arrival_rooms_with_view, layout_basic, hangedman_glass_teeth
D:2:      wander_river, layout_basic, corexii_hall_statues_l
D:3:      layout_rooms, minivault_27, uniq_jessica

Skill      XL: |  1  2  3 |
---------------+----------+-----
Unarmed Combat | 1 2 3 |  3.8
Fighting       | 1 |  1.0
Dodging        | |  1.7
Stealth        | |  2.1
Spellcasting   | |  1.7
Conjurations   | |  0.7
Fire Magic     | |  2.4

Action                   |  1- 3 |  4- 6 || total
-------------------------+-------+-------++-------
Melee: Unarmed           |   117 |    28 ||   145
       Punch             |     2 |     1 ||     3
  Use: Scroll            |     4 |     4 ||     8
       Potion            |       |     3 ||     3
Armor: Robe              |     5 |       ||     5
       Chain mail        |    46 |    34 ||    80
Dodge: Dodged            |    40 |    10 ||    50

Table legend:
 A = Non-vault XP
 B = Vault XP
 C = Vault XP percentage of total XP
 D = Non-vault monster count
 E = Vault monster count
 F = Vault count percentage of total count
                 A         B        C        D         E       F
            +---------+---------+-------+---------+---------+-------
      Total |      98 |       2 |   2.0 |      38 |       2 |   5.0
            +---------+---------+-------+---------+---------+-------
        D:1 |      24 |       2 |   7.7 |      15 |       2 |  11.8
        D:2 |      68 |       0 |   0.0 |      20 |       0 |   0.0
        D:3 |       6 |       0 |   0.0 |       3 |       0 |   0.0
            +---------+---------+-------+---------+---------+-------
